 Dungeon Crawl Stone Soup version 0.27.0-1-g7a089689b8 (webtiles) character file.

Game seed: 13662341229168945667

39 sakkuzi the Stinger (level 3, 0/26 HPs)
             Began as a Draconian Venom Mage on Aug 13, 2021.
             Slain by a gnoll (10 damage)
             ... on level 1 of the Dungeon.
             The game lasted 00:06:29 (1704 turns).

sakkuzi the Stinger (Draconian Venom Mage)          Turns: 1704, Time: 00:06:30

Health: 0/26       AC:  6    Str: 10    XL:     3   Next: 28%
Magic:  14/15      EV: 12    Int: 16    God:
Gold:   62         SH:  0    Dex: 11    Spells: 5/6 levels left

rFire    . . .     SeeInvis .   g - +2 dagger (venom) {short}
rCold    . . .     Faith    .   (no shield)
rNeg     . . .     Spirit   .   (armour unavailable)
rPois    .         Reflect  .   (helmet restricted)
rElec    .         Harm     .   (no cloak)
rCorr    .         Rampage  .   a - +0 pair of gloves
Will     .....                  (no boots)
Stlth    ++........             (no amulet)
HPRegen  0.08/turn              b - ring of magical power
MPRegen  0.14/turn              (no ring)

@: no status effects
A: AC +5, unfitting armour, cold-blooded
a: no special abilities


You were on level 1 of the Dungeon.
You visited 1 branch of the dungeon, and saw 2 of its levels.

You collected 62 gold pieces.


Innate Abilities, Weirdness & Mutations

Your plain brown scales are hard. (AC +5)
You cannot fit into any form of body armour.
You are cold-blooded and may be slowed by cold attacks.


   Skills:
 + Level 2.2 Dodging
 - Level 1.7 Stealth
 + Level 2.4 Spellcasting
 - Level 1.0 Transmutations
 * Level 3.8 Poison Magic


You had 5 spell levels left.
You knew the following spells:

 Your Spells              Type           Power      Damage    Failure   Level
a - Sting                 Tmut/Pois      36%        1d4       8%          1

Your spell library contained the following spells:

 Spells                   Type           Power      Damage    Failure   Level
 Poisonous Vapours        Pois/Air       16%        N/A       14%         2
 Mephitic Cloud           Conj/Pois/Air  5%         N/A       34%         3
 Olgreb's Toxic Radiance  Pois           14%        N/A       38%         4

Inventory:

Hand Weapons
 c - a +0 club {mace}
   (You took it off a goblin on level 1 of the Dungeon)
 g - a +2 dagger of venom (weapon) {short}
   (You took it off a kobold on level 1 of the Dungeon)
Missiles
 d - 21 arrows
 e - 5 javelins {throwing}
 h - 20 stones {throwing}
Armour
 a - a +0 pair of gloves (worn)
   (You found it on level 1 of the Dungeon)
Jewellery
 b - a ring of magical power (left hand)
   (You found it on level 1 of the Dungeon)
Scrolls
 f - a scroll of identify {@r1}
Potions
 i - a potion of brilliance {unknown}
 k - a potion of heal wounds {unknown}

Dungeon Overview and Level Annotations

Branches:
Dungeon (2/15)

Altars:

*#.....K..# #...#####.# #§§○# #K#
#○☼§# #.############ #§☼§#
#..K.........#####
#######...#########............##
...○☼°......§§....g.........#....
#..§§§..)(.☼☼§....#)........#..#.
##.○§§.(.!.☼.§..@.#.........#..#.
#######...#####...#.........#..#.
..# #°§°# #.............#..#. ..#
#§§§# #...#.........#..#. ..#
#☼☼☼# #.............#..#.
..#####...## ##^............#..##
.......#.#.###..#..##.#.#.#.#....
...###.#..............#..........
...# #.#######..#................


You could see a gnoll (poisoned).


Message History

You take 14 damage, and now have 3/26 hp.
MASSIVE DAMAGE!! (PAUSE)
You lost 1 mp, and now have 10/15 mp.
Casting: Sting (safe; 8% risk of failure)
Confirm with . or Enter, or press ? or * to list all spells.
Okay, then.
Casting: Sting (safe; 8% risk of failure)
Confirm with . or Enter, or press ? or * to list all spells.
Okay, then.
Casting: Sting (safe; 8% risk of failure)
Confirm with . or Enter, or press ? or * to list all spells.
Okay, then.
Okay, then.
Okay, then.
There is an open door here.
Aiming: Sting (safe; 8% risk of failure)
Press: ? - help, Q - select action, (/) - cycle Shift-Dir - straight line, f - gnoll, p - gnoll
Aim: a gnoll, wielding a +0 halberd (72% to hit)
Okay, then.
There is a stone staircase leading up here.
The gnoll barely misses you.
You climb upwards.
There is a stone staircase leading down here. 😱 MP[+1]
You start resting. 😱 HP[+2] MP[+4]
You regained 2 hp, and now have 5/26 hp.
Your mp is fully restored (15).
You start resting. 😎 HP[+21]
Your hp is fully restored (26).
You climb downwards.
The gnoll hits you from afar with a +0 spear.
There is a stone staircase leading up here. 😕 HP[-1]
You take 1 damage, and now have 25/26 hp.
Aiming: Sting (safe; 8% risk of failure)
Press: ? - help, Q - select action, (/) - cycle Shift-Dir - straight line, f - gnoll
Aim: a gnoll, wielding a +0 spear (72% to hit)
Okay, then.
The gnoll hits you but does no damage. The gnoll barely misses you.
There is a stone staircase leading up here.
The gnoll closely misses you.
The gnoll hits you from afar with a +0 spear.
You climb upwards.
There is a stone staircase leading down here. 😕 HP[-4]
You take 4 damage, and now have 21/26 hp.
Aiming: Sting (safe; 8% risk of failure)
Press: ? - help, Q - select action, (/) - cycle Shift-Dir - straight line, f - gnoll
Aim: a gnoll, wielding a +0 spear (72% to hit)
The sting hits the gnoll.
The gnoll is poisoned.
The gnoll closely misses you. 😕 MP[-1]
You lost 1 mp, and now have 14/15 mp.
Aiming: Sting (safe; 8% risk of failure)
Press: ? - help, Q - select action, (/) - cycle Shift-Dir - straight line, f/p - gnoll
Aim: a gnoll, wielding a +0 spear (lightly wounded, poisoned, 72% to hit)
The sting hits the gnoll.
The gnoll looks even sicker.
The gnoll hits you with a +0 spear. 😮 HP[-2] MP[-1]
You take 2 damage, and now have 19/26 hp.
You lost 1 mp, and now have 13/15 mp.
You hit the gnoll.
The gnoll looks as sick as possible!
The gnoll misses you.
You hit the gnoll but do no damage.
The gnoll looks as sick as possible!
You kill the gnoll!
Things that are here:
a +0 spear {polearm}; a gnoll corpse Partly explored, can't reach some items and places. 😎 HP[+7] MP[+2]
Your hp is fully restored (26).
Your mp is fully restored (15).
There is a stone staircase leading down here.
You can't go up here!
You climb downwards.
The gnoll barely misses you.
The gnoll hits you from afar with a +0 halberd.
There is a stone staircase leading up here. 😕 HP[-1]
You take 1 damage, and now have 25/26 hp.
The gnoll closely misses you.
The gnoll hits you from afar with a +0 spear!
There is a stone staircase leading up here. 😮 HP[-7]
You take 7 damage, and now have 18/26 hp.
MASSIVE DAMAGE!! (PAUSE)
The gnoll misses you. The gnoll closely misses you.
You climb upwards.
There is a stone staircase leading down here.
Aiming: Sting (safe; 8% risk of failure)
Press: ? - help, Q - select action, (/) - cycle Shift-Dir - straight line, f - gnoll
Aim: a gnoll, wielding a +0 halberd (72% to hit)
The sting hits the gnoll.
The gnoll is poisoned.
The gnoll hits you with a +0 halberd!
* * * LOW HITPOINT WARNING * * *
😨 HP[-9] MP[-1]
You take 9 damage, and now have 9/26 hp.
MASSIVE DAMAGE!! (PAUSE)
You lost 1 mp, and now have 14/15 mp.
The gnoll closely misses you.
The gnoll hits you from afar with a +0 halberd!
You die...

Skill      XL: |  1 |
---------------+----+-----
Dodging        | 2 |  2.2
Stealth        | |  1.7
Spellcasting   | |  2.4
Transmutations | |  1.0
Poison Magic   | |  3.8

Action                   || total
-------------------------++-------
Melee: Dagger            ||    11
 Cast: Sting             ||    39
  Use: Scroll            ||     3
Armor: Skin              ||    11
Dodge: Dodged            ||    33

Levels and vault maps discovered:
D:1:      dpeg_arrival_tiny_c, layout_basic,
          hellmonk_ecumenical_altar_slurped_away, lemuel_flame_loot_1
D:2:      layout_basic

Notes
Turn   | Place    | Note
-------+----------+-------------------------------------------
     0 | D:1      | sakkuzi the Draconian Venom Mage began the quest for the
                  | Orb.
     0 | D:1      | Reached XP level 1. HP: 14/14 MP: 3/3
     0 | D:1      | magus.rc [v1.9.6]
   374 | D:1      | Reached skill level 2 in Dodging
   374 | D:1      | Reached XP level 2. HP: 20/20 MP: 5/5
   791 | D:1      | Found a faded altar of an unknown god.
  1320 | D:2      | Reached XP level 3. HP: 17/26 MP: 6/6
  1321 | D:2      | HP: 3/26 [gnoll (14)]
  1704 | D:1      | Slain by a gnoll

Vanquished Creatures
  2 gnolls
  2 bats (D:1)
  3 endoplasms (D:1)
  A goblin (D:1)
  3 hobgoblins (D:1)
  2 jackals (D:1)
  A quokka (D:1)
  3 ball pythons
  A frilled lizard (D:1)
  2 kobolds (D:1)
20 creatures vanquished.

Table legend:
 A = Non-vault XP
 B = Vault XP
 C = Vault XP percentage of total XP
 D = Non-vault monster count
 E = Vault monster count
 F = Vault count percentage of total count
                 A         B        C        D         E       F
            +---------+---------+-------+---------+---------+-------
      Total |      55 |       2 |   3.5 |      19 |       1 |   5.0
            +---------+---------+-------+---------+---------+-------
        D:1 |      40 |       2 |   4.8 |      17 |       1 |   5.6
        D:2 |      15 |       0 |   0.0 |       2 |       0 |   0.0
            +---------+---------+-------+---------+---------+-------

Illustrated notes

Table legend:
 A = Kills in this place as a percentage of kills in entire the game.
 B = Kills by you in this place as a percentage of kills by you in the entire game.
 C = Kills by friends in this place as a percentage of kills by friends in the entire game.
 D = Other kills in this place as a percentage of other kills in the entire game.
 E = Experience gained in this place as a percentage of experience gained in the entire game.
 F = Experience gained in this place divided by the number of levels of this place that you have seen.
                   A       B       C       D       E      F
               +-------+-------+-------+-------+-------+----------------------
         Total | 100.0 | 100.0 |   N/A |   N/A | 100.0 |  28.5
       Dungeon | 100.0 | 100.0 |   N/A |   N/A | 100.0 |  28.5
               +-------+-------+-------+-------+-------+----------------------

Table legend: (Time is in decaauts)
 A = Elapsed time spent in this place.
 B = Non-inter-level travel time spent in this place.
 C = Inter-level travel time spent in this place.
 D = Time resting spent in this place.
 E = Time spent auto-exploring this place.
 F = Levels seen in this place.
 G = Mean time per level.
                   A        B        C        D        E       F      G
               +--------+--------+--------+--------+--------+-----+--------+
         Total |   1705 |   1691 |     14 |    493 |    804 |   2 |  852.5 |
       Dungeon |   1705 |   1691 |     14 |    493 |    804 |   2 |  852.5 |
               +--------+--------+--------+--------+--------+-----+--------+

Top non-repeatable levels by time:
     D:1: 1671 daAuts
     D:2: 34 daAuts
